 Dungeon Crawl Stone Soup version 0.31-a0-521-gc7390f8997 (webtiles) character file.

Game seed: 12736497045516938352

86 MisterAzrael the Ruffian (level 4, -1/33 HPs)
             Began as a Djinni Shapeshifter on Aug 10, 2023.
             Was an Initiate of Gozag.
             Slain by an orc
             ... wielding a +1 dagger of speed
              (4 damage)
             ... on level 3 of the Dungeon.
             The game lasted 00:01:35 (1316 turns).

MisterAzrael the Ruffian (Djinni Shapeshifter)      Turns: 1316, Time: 00:01:36

Health: -1/33      AC:  2    Str: 16    XL:     4   Next: 77%
Gold:   226        EV: 12    Int:  9    God:    Gozag SH:  0 Dex: 14

rFire   + +          .
                       - Unarmed
rCold   x . .        (no shield)
rNeg    . . .        a - +0 animal skin
rPois   ∞            (helmet currently unavailable)
rElec   .            (cloak currently unavailable)
rCorr   .            (gloves currently unavailable)
SInv    .            (boots unavailable)
Will    .....        (no amulet)
Stlth   +            g - ring of wizardry
HPRegen 0.25/turn    (no ring)
MPRegen 0.00/turn

%: wizardry (x1), infuse magic (-2 HP)
@: beast-form, flying
A: beast (slay +2), flying, sickness immunity, fire resistance 2, cold
vulnerability 1, float, innate caster, HP casting, extra vitality 1
a: Begin Untransformation, Renounce Religion, Potion Petition, Call Merchant,
Bribe Branch


You were on level 3 of the Dungeon.
You worshipped Gozag.
Gozag was aware of your devotion.
You were a hulking beast.
You visited 1 branch of the dungeon, and saw 3 of its levels.

You collected 226 gold pieces.

Inventory:

Missiles
 f - 2 throwing nets
Armour
 a - a +0 animal skin (worn)
Jewellery
 g - a ring of wizardry (left hand)
Talismans
 c - a beast talisman (active)
 d - a flux talisman
Scrolls
 j - a scroll of butterflies {unknown}
 l - a scroll of teleportation {unknown}
 n - a scroll of identify {unknown}
 o - a scroll of blinking {unknown}
 p - 2 scrolls of brand weapon {unknown}
Potions
 b - a potion of lignification
 e - a potion of degeneration {unknown}
 h - a potion of haste {unknown}
 i - 2 potions of cancellation {unknown}
 k - 2 potions of berserk rage {unknown}
 m - 3 potions of curing {unknown}


   Skills:
 * Level 2.0 Fighting
 - Level 2.1 Dodging
 + Level 3.4 Unarmed Combat
 + Level 1.0 Spellcasting
 + Level 1.0 Conjurations
 + Level 1.0 Hexes
   Level 0.0 Charms
 + Level 1.0 Summonings
 + Level 1.0 Necromancy
 + Level 1.0 Translocations
 + Level 1.0 Transmutations
 + Level 1.0 Fire Magic
 + Level 1.0 Ice Magic
 + Level 1.0 Air Magic
 + Level 1.0 Earth Magic
 + Level 1.0 Poison Magic
 * Level 3.3 Shapeshifting


You knew the following spells:

 Your Spells              Type           Power      Damage    Failure   Level
a - Summon Small Mammal   Summ           8%         N/A       10%         1
Your spell library was empty.

Dungeon Overview and Level Annotations

Branches:
Dungeon (3/15)

Altars:
Cheibriados
Gozag


Innate Abilities, Weirdness & Mutations

You are a hulking beast.
Your limbs bulge with bestial killing power. (Slay +2)
You are flying.
You are immune to sickness and miasma.
You are immune to poison.
Your flesh is very heat resistant. (rF++)
You are vulnerable to cold. (rC-)
You float through the air rather than walking.
You learn spells naturally, not from books.
Your magical power is your life essence.
You have superior vitality. (+4 MHP)


Message History

Your Fire Magic skill increases to level 1!
Your Ice Magic skill increases to level 1!
Your Air Magic skill increases to level 1!
Your Earth Magic skill increases to level 1!
Your Poison Magic skill increases to level 1!
You barely miss the orc. The orc hits you but does no damage.
The orc hits you with a +0 hand axe.
The orc hits you with a +1 dagger of speed.
You are too injured to fight recklessly!
You are too injured to fight recklessly!
You are too injured to fight recklessly!
You are too injured to fight recklessly!
You are too injured to fight recklessly!
The orc attacks as you move away! The orc hits you with a +0 hand axe.
* * * LOW HITPOINT WARNING * * *
You see here 5 gold pieces.
The orc attacks as you move away! The orc closely misses you.
The orc attacks as you move away! The orc barely misses you.
The orc hits you with a +1 dagger of speed.
* * * LOW HITPOINT WARNING * * *
The orc is distracted by your dazzling golden aura.
The orc is no longer distracted by gold.
You see here a +0 dagger.
The orc is distracted by your dazzling golden aura.
The orc attacks as you move away! The orc misses you.
The orc attacks as you move away!
The orc hits you with a +1 dagger of speed.
* * * LOW HITPOINT WARNING * * *
The orc is no longer distracted by gold.
The orc is distracted by your dazzling golden aura.
The orc attacks as you move away!
The orc hits you with a +1 dagger of speed.
* * * LOW HITPOINT WARNING * * *
The orc is no longer distracted by gold.
You closely miss the orc.
The orc hits you with a +1 dagger of speed.
* * * LOW HITPOINT WARNING * * *
The orc hits you with a +1 dagger of speed.
You die...
Your body crumbles into a pile of gold.

.................#
................##
........)......##
#.......#######
#.....o.#
#.......#
...#####o# >## #o#
#h# #####.######
#......<...#
#..........#
#..........#
.............#
.............#
.......<.....#
.............#


You could see 3 orcs.

Vanquished Creatures
  Natasha (D:3)
  3 adders (D:2)
  4 bats
  4 endoplasms
  A giant cockroach (D:2)
  4 goblins
  3 hobgoblins
  2 jackals (D:2)
  2 quokkas (D:1)
  3 ball pythons
  4 frilled lizards
  3 rats (D:1)
34 creatures vanquished.

Notes
Turn   | Place    | Note
-------+----------+-------------------------------------------
     0 | D:1      | MisterAzrael the Djinni Shapeshifter began the quest for
                  | the Orb.
     0 | D:1      | Reached XP level 1. HP: 17/17 MP: 0/0
    96 | D:1      | Reached XP level 2. HP: 18/22 MP: 0/0
   359 | D:1      | Found a faded altar of an unknown god.
   395 | D:1      | Prayed at the altar of an unknown god.
   395 | D:1      | Became a worshipper of Gozag Ym Sagoz the Greedy
   642 | D:2      | Reached XP level 3. HP: 21/27 MP: 0/0
   642 | D:2      | Learned a level 1 spell: Summon Small Mammal
  1016 | D:2      | Reached XP level 4. HP: 25/32 MP: 0/0
  1047 | D:2      | Found a snail-covered altar of Cheibriados.
  1293 | D:3      | Noticed Natasha
  1301 | D:3      | Killed Natasha
  1302 | D:3      | Reached skill level 1 in Spellcasting
  1302 | D:3      | Reached skill level 1 in Conjurations
  1302 | D:3      | Reached skill level 1 in Hexes
  1302 | D:3      | Reached skill level 1 in Summonings
  1302 | D:3      | Reached skill level 1 in Necromancy
  1302 | D:3      | Reached skill level 1 in Translocations
  1302 | D:3      | Reached skill level 1 in Transmutations
  1302 | D:3      | Reached skill level 1 in Fire Magic
  1302 | D:3      | Reached skill level 1 in Ice Magic
  1302 | D:3      | Reached skill level 1 in Air Magic
  1302 | D:3      | Reached skill level 1 in Earth Magic
  1302 | D:3      | Reached skill level 1 in Poison Magic
  1316 | D:3      | Slain by an orc

Illustrated notes

Levels and vault maps discovered:
D:1:      dpeg_arrival_solitude, layout_rooms,
          ebering_ecumenical_altar_sacrificial
D:2:      layout_basic, basic_altar
D:3:      layout_rooms, nicolae_qazlal_general_emergency, uniq_natasha,
          uniq_pargi, uniq_sigmund

Skill      XL: |  1  2  3  4 |
---------------+-------------+-----
Shapeshifting  | 3 |  3.3
Fighting       | 2 |  2.0
Spellcasting   | 1 |  1.0
Conjurations   | 1 |  1.0
Hexes          | 1 |  1.0
Summonings     | 1 |  1.0
Necromancy     | 1 |  1.0
Translocations | 1 |  1.0
Transmutations | 1 |  1.0
Fire Magic     | 1 |  1.0
Ice Magic      | 1 |  1.0
Air Magic      | 1 |  1.0
Earth Magic    | 1 |  1.0
Poison Magic   | 1 |  1.0
Dodging        | |  2.1
Unarmed Combat | |  3.4

Action                     |  1- 3 |  4- 6 || total
---------------------------+-------+-------++-------
  Melee: Unarmed           |    86 |    20 ||   106
         Punch             |     2 |     3 ||     5
 Armour: Animal skin       |    20 |     2 ||    22
  Dodge: Dodged            |    54 |    14 ||    68

Table legend: (Time is in decaauts)
 A = Elapsed time spent in this place.
 B = Non-inter-level travel time spent in this place.
 C = Inter-level travel time spent in this place.
 D = Time resting spent in this place.
 E = Time spent auto-exploring this place.
 F = Levels seen in this place.
 G = Mean time per level.
                   A        B        C        D        E       F      G
               +--------+--------+--------+--------+--------+-----+--------+
         Total |   1309 |   1279 |     30 |    129 |    892 |   3 |  436.3 |
       Dungeon |   1309 |   1279 |     30 |    129 |    892 |   3 |  436.3 |
               +--------+--------+--------+--------+--------+-----+--------+

Top non-repeatable levels by time:
     D:2: 638 daAuts
     D:1: 626 daAuts
     D:3: 45 daAuts
